 Dungeon Crawl Stone Soup version 0.32-a0-779-g362cfcae2a (webtiles) character file.

Game seed: 5876651119895204560

610382 cojito the Conqueror (level 26, 0/345 HPs)
             Began as a Green Draconian Shapeshifter on Mar 19, 2024.
             Was a Follower of Uskayaw.
             Slain by an ancient lich (11 damage)
             ... on level 5 of the Realm of Zot.
             The game lasted 02:29:15 (54696 turns).

cojito the Conqueror (DrSh)                        Turns: 54696, Time: 02:29:15

Health: 0/345      AC: 34    Str: 25 (26) XL:     26   Next: 74%
Magic:  7/40       EV: 11    Int:  9 (11) God:    Uskayaw [*.....]
Gold:   5008       SH:  0    Dex: 12 (14) Spells: 25/25 levels left

rFire   . .          .
                       - Unarmed
rCold   + + .        l - +7 tower shield {rC+}
rNeg    + . .        (body armour unavailable)
rPois   ∞            t - +0 hat of Hairiness {rC+ Str+3 Stlth+}
rElec   +            k - +1 cloak of Starlight {*Dazzle EV+4 Stlth--}
rCorr   .            y - melded +1 pair of gloves of Kindness {rElec rF+ rC- Dex+3}
SInv    .            R - melded +2 pair of boots {rampage}
Will    ++...        Q - amulet of Vitality {Regen++ RegenMP++} Stlth
                     i - ring of willpower
HPRegen 2.37/turn    V - ring of protection from fire
MPRegen 1.07/turn

%: no passive effects
@: statue-form, untranslocatable, fire vulnerable, flying, held, studying 5
skills, unable to drink, very slow
A: slow and powerful, torment resistance 1, boosted hp, (noxious breath), AC
+12, unfitting armour, stinger 1, poison resistance, cold-blooded, dopey 1,
screaming 1
}: 3/15 runes: barnacled, silver, gossamer
a: Begin Untransformation, Renounce Religion, Stomp


You were on level 5 of the Realm of Zot.
You worshipped Uskayaw.
Uskayaw was extremely pleased with you.
You were a living statue of rough stone.
You visited 11 branches of the dungeon, and saw 51 of its levels.
You visited the Abyss 2 times.
You also visited: Ice Cave.

You collected 7998 gold pieces.
You spent 2990 gold pieces at shops.

Inventory:

Hand Weapons
 a - the +3 sling of Ucemooca {heavy, rC+++ Will+ Int-5}
   (You found it on level 10 of the Dungeon)

   Int-5:     It affects your intelligence (-5).
   rC+++:     It renders you almost immune to cold.
   Will+:     It increases your willpower.
Missiles
 G - 10 throwing nets (quivered)
Armour
 k - the +1 cloak of Starlight (worn) {*Dazzle EV+4 Stlth--}
   (You bought it in a shop on level 3 of the Dungeon)

   *Dazzle:   It may blind those who miss an attack against the wearer in melee
   combat.
   EV+4:      It affects your evasion (+4).
   Stlth--:   It makes you much less stealthy.
 l - a +7 tower shield of cold resistance (worn)
 t - the +0 hat of Hairiness (worn) {rC+ Str+3 Stlth+}
   (You found it on level 4 of the Spider Nest)

   Str+3:     It affects your strength (+3).
   rC+:       It protects you from cold.
   Stlth+:    It makes you more stealthy.
 w - a scarf of resistance
 y - the +1 pair of gloves of Kindness (melded) {rElec rF+ rC- Dex+3}
   (You bought it in a shop on level 2 of the Orcish Mines)

   Dex+3:     It affects your dexterity (+3).
   rF+:       It protects you from fire.
   rC-:       It makes you vulnerable to cold.
   rElec:     It insulates you from electricity.
 R - a +2 pair of boots of rampaging (melded)
Jewellery
 d - a ring of see invisible
 i - a ring of willpower (left fist)
 Q - the amulet of Vitality (around neck) {Regen++ RegenMP++}
   (You found it on level 10 of the Dungeon)

   [amulet of nothing]

   Regen++:   It increases your rate of health regeneration.
   RegenMP++: It increases your rate of magic regeneration.
 V - a ring of protection from fire (right fist)
Talismans
 h - a granite talisman (active)
 Y - the death talisman of the Final Beggars {Fly Will+ Str+3}
   (You took it off Josephina on level 3 of the Depths)

   [talisman of death]

   Str+3:     It affects your strength (+3).
   Will+:     It increases your willpower.
   Fly:       It grants you flight.
 Z - a blade talisman
Wands
 m - a wand of charming (49)
 n - a wand of flame (47)
 D - a wand of iceblast (45)
 I - a wand of polymorph (22)
 L - a wand of mindburst (22)
 M - a wand of acid (26)
 N - a wand of digging (8)
Scrolls
 c - 2 scrolls of revelation
 e - 17 scrolls of identify
 g - 5 scrolls of fog
 r - 5 scrolls of teleportation
 s - 4 scrolls of poison
 z - 2 scrolls of immolation
 A - 3 scrolls of fear
 F - 7 scrolls of vulnerability
 U - 3 scrolls of silence
Potions
 f - 9 potions of enlightenment
 o - 2 potions of resistance
 p - 5 potions of cancellation
 q - 3 potions of mutation
 u - a potion of invisibility
 B - a potion of haste
 C - 11 potions of curing
 E - 6 potions of attraction
 H - 5 potions of lignification
 O - 10 potions of ambrosia
 S - 3 potions of heal wounds
 X - 5 potions of magic
Miscellaneous
 j - a phantom mirror (inert)
 x - a phial of floods
 K - a box of beasts
 P - a tin of tremorstones (2/2)
 T - a lightning rod (4/4)


   Skills:
 O Level 27 Fighting
 * Level 20.5 Dodging
 * Level 18.1 Shields
 + Level 18.4 Unarmed Combat
 * Level 26.4 Invocations
 * Level 20.6 Shapeshifting


You had 25 spell levels left.
You didn't know any spells.
Your spell library contained the following spells:

 Spells                   Type           Power      Damage    Failure   Level
 Apportation              Tloc           0%         N/A       58%         1
 Foxfire                  Conj/Fire      0%         2x1d4     58%         1
 Freeze                   Ice            0%         1d3       58%         1
 Magic Dart               Conj           0%         1d3       58%         1
 Necrotise                Necr           0%         1d4       58%         1
 Sandblast                Erth           0%         2d4       58%         1
 Shock                    Conj/Air       0%         1d3       58%         1
 Sting                    Conj/Alch      0%         1d3       58%         1
 Blink                    Tloc           0%         N/A       75%         2
 Call Imp                 Summ           0%         N/A       75%         2
 Cigotuvi's Dreadful Rot  Necr/Alch/Air  0%         N/A       75%         2
 Jinxbite                 Hex            0%         N/A       75%         2
 Lesser Beckoning         Tloc           0%         N/A       75%         2
 Mercury Vapours          Alch/Air       0%         N/A       75%         2
 Momentum Strike          Conj/Tloc      0%         3d8       75%         2
 Searing Ray              Conj           0%         2d4       75%         2
 Dazzling Flash           Conj/Hex       0%         N/A       92%         3
 Frozen Ramparts          Ice            0%         1d1       92%         3
 Gell's Gravitas          Tloc           0%         N/A       92%         3
 Hailstorm                Conj/Ice       0%         3d5       92%         3
 Inner Flame              Hex/Fire       0%         N/A       92%         3
 Mephitic Cloud           Conj/Alch/Air  0%         N/A       92%         3
 Stone Arrow              Conj/Erth      0%         3d7       92%         3
 Summon Ice Beast         Ice/Summ       0%         N/A       92%         3
 Teleport Other           Tloc           0%         N/A       92%         3
 Tukima's Dance           Hex            0%         N/A       92%         3
 Vampiric Draining        Necr           0%         2d6       92%         3
 Volatile Blastmotes      Fire/Tloc      0%         2d10      92%         3
 Airstrike                Air            0%         2d(0-16)  100%        4
 Animate Dead             Necr           0%         N/A       100%        4
 Brom's Barrelling Bould  Conj/Erth      0%         2d3       100%        4
 Cause Fear               Hex            0%         N/A       100%        4
 Dimensional Bullseye     Hex/Tloc       0%         N/A       100%        4
 Flame Wave               Conj/Fire      0%         2d4       100%        4
 Fulminant Prism          Conj/Alch      0%         3d5       100%        4
 Ignite Poison            Fire/Alch      0%         N/A       100%        4
 Iskenderun's Mystic Bla  Conj/Tloc      0%         2d3       100%        4
 Leda's Liquefaction      Alch/Erth      0%         N/A       100%        4
 Martyr's Knell           Necr/Summ      0%         N/A       100%        4
 Olgreb's Toxic Radiance  Alch           0%         N/A       100%        4
 Passage of Golubria      Tloc           0%         N/A       100%        4
 Petrify                  Alch/Erth      0%         N/A       100%        4
 Sticky Flame             Fire/Alch      0%         2d4       100%        4
 Summon Lightning Spire   Summ/Air       0%         N/A       100%        4
 Vhi's Electric Charge    Tloc/Air       0%         N/A       100%        4
 Alistair's Intoxication  Alch           0%         N/A       100%        5
 Arcjolt                  Conj/Air       0%         1d10      100%        5
 Curse of Agony           Necr           0%         N/A       100%        5
 Fireball                 Conj/Fire      0%         3d3       100%        5
 Freezing Cloud           Conj/Ice/Air   0%         6-21      100%        5
 Iskenderun's Battlesphe  Conj           0%         2d6       100%        5
 Lee's Rapid Deconstruct  Erth           0%         3d4*      100%        5
 Metabolic Englaciation   Hex/Ice        0%         N/A       100%        5
 Silence                  Hex/Air        0%         N/A       100%        5
 Summon Forest            Summ/Tloc      0%         N/A       100%        5
 Summon Mana Viper        Hex/Summ       0%         N/A       100%        5
 Yara's Violent Unravell  Hex/Alch       0%         3d3       100%        5
 Bombard                  Conj/Erth      0%         9d1       100%        6
 Conjure Ball Lightning   Conj/Air       0%         3x3d6     100%        6
 Dispersal                Tloc           0%         N/A       100%        6
 Permafrost Eruption      Ice/Erth       0%         2x4d2     100%        6
 Plasma Beam              Fire/Air       0%         2x1d10    100%        6
 Sculpt Simulacrum        Ice/Alch       0%         N/A       100%        6
 Starburst                Conj/Fire      0%         6d3       100%        6
 Summon Cactus Giant      Summ           0%         N/A       100%        6
 Enfeeble                 Hex            0%         N/A       100%        7
 Haunt                    Necr/Summ      0%         N/A       100%        7
 Malign Gateway           Summ/Tloc      0%         N/A       100%        7
 Monstrous Menagerie      Summ           0%         N/A       100%        7
 Orb of Destruction       Conj           0%         9d5       100%        7
 Ozocubu's Refrigeration  Ice            0%         4d7       100%        7
 Spellforged Servitor     Conj/Summ      0%         N/A       100%        7
 Summon Hydra             Summ           0%         N/A       100%        7
 Discord                  Hex            0%         N/A       100%        8
 Disjunction              Tloc           0%         N/A       100%        8
 Infestation              Necr           0%         N/A       100%        8
 Lehudib's Crystal Spear  Conj/Erth      0%         10d2      100%        8
 Maxwell's Capacitive Co  Air            0%         ∞         100%        8
 Death's Door             Necr           0%         N/A       100%        9
 Dragon's Call            Summ           0%         N/A       100%        9
 Polar Vortex             Ice            0%         N/A       100%        9
 Sublimation of Blood     Necr           Unusable   N/A       N/A         2
 Animate Armour           Summ/Erth      Unusable   N/A       N/A         4

Dungeon Overview and Level Annotations

Branches:
Dungeon (15/15)            Temple (1/1) D:5            Lair (5/5) D:10
 Shoals (4/4) Lair:2       Spider (4/4) Lair:3        Slime (0/5) Lair:5
    Orc (2/2) D:10            Elf (3/3) Orc:2        Vaults (5/5) D:13
  Crypt (3/3) Vaults:2       Tomb (0/3) Crypt:3      Depths (4/4) D:15
    Zot (5/5) Depths:4      IceCv (visited)

Altars:
Ashenzari
Cheibriados
Dithmenos
Elyvilon
Fedhas
Gozag
Hepliaklqana
Kikubaaqudgha
Makhleb
Nemelex Xobeh
Okawaru
Qazlal
Ru
Sif Muna
Trog
Uskayaw
Vehumet
Wu Jian
Xom
Yredelemnul
Zin
The Shining One
Beogh
Jiyva

Shops:
D:3 :[![   D:5 (   D:7 ==!   D:8 (=   D:9 =   Orc:2 **[:   Elf:1 [=   Elf:2 *((
Shoals:1 (   Shoals:2 :   Vaults:1 [   Vaults:5 =?

Portals:
Hell: Depths:1 Depths:2 Depths:3 Depths:4
Abyss: Depths:3
Pandemonium: Depths:2
Ziggurat: Depths:4

Annotations:
D:10 2 runed translucent doors, hecktor's ghost, novice FoHu
D:13 2 transporters, Diulaw's ghost, journeyman TeSu
Lair:5 1 runed translucent door
Elf:1 Zenata
Elf:2 3 runed translucent doors
Elf:3 1 runed translucent door, Obbaitis's ghost, journeyman MiBe
Depths:2 exclusion: 2 doors
Zot:5 1 exclusion


Innate Abilities, Weirdness & Mutations

You are a living statue of rough stone.
Your actions are slow, but your melee attacks are powerful.
You are resistant to unholy torment.
Your maximum health is greatly increased.
Your equipment is partially melded.
((You can breathe blasts of noxious fumes.))
((Your lurid green scales are hard. (AC +12)))
You cannot fit into any form of body armour.
You are immune to poison.
Your tail ends in a venomous barb.
Your system is resistant to poisons. (rPois)
You are cold-blooded and may be slowed by cold attacks.
You are dopey. (Int -2)
You occasionally shout uncontrollably at your foes.


Message History

You assume a fearsome visage.
The Killer Klown resists with almost no effort. x2
The electric golem is unaffected.
The Orb Guardian looks frightened!
The ancient lich is unaffected.
The red draconian is unaffected.
The black draconian is unaffected.
The purple draconian shifter resists with almost no effort.
The white draconian stormcaller resists with some effort.
The storm dragon is unaffected.
The Orb Guardian is no longer blind.
The electric golem blinks!
The Killer Klown pies you viciously! The klown pie hits you!!
Raspberry!
You feel weakened.
You feel dopey.
You feel clumsy.
* * * LOW HITPOINT WARNING * * *
The black draconian barely misses you. The moth of wrath closely misses you.
The white draconian stormcaller hits you with a +0 long sword.
* * * LOW HITPOINT WARNING * * *
The Killer Klown misses you.
The Killer Klown's vision is obscured by starry radiance!
The black draconian closely misses you. The moth of wrath misses you.
The white draconian stormcaller hits you but does no damage.
As you read the scroll of fear, it crumbles to dust.
You assume a fearsome visage.
The Killer Klown resists with almost no effort. x4
The ancient lich is unaffected.
The red draconian is unaffected.
The black draconian is unaffected.
The purple draconian shifter resists with some effort.
The white draconian stormcaller looks frightened!
The storm dragon is unaffected.
The Orb Guardian seems to regain its courage.
The black draconian barely misses you.
The Killer Klown kneecaps you with a +10 club of flaming!
* * * LOW HITPOINT WARNING * * *
The Killer Klown burns you!
* * * LOW HITPOINT WARNING * * *
The moth of wrath bites you but does no damage.
The Killer Klown blinks!
The purple draconian shifter mumbles some strange words.
The purple draconian shifter blinks!
The ancient lich touches you!
You die...
Your body falls in perfect tune with the rhythm.

**,,,,,,,,,,,,,,,,,,,,,,**
***,,,,,^,,,,.......,,**
****,,,,,,,.......,**
**▓▓▓▓▓▓▓▓▓▓##....^▓▓
***,,^...............§##
**,,,,##.^.X............##
*****,,,*##...........q......##
,,,,,,,**#....................#
,,,,,,** #..X...Iyd.......p...#
,,,,,,* #..^..pqLD...........#
,,,,,** #..^...^.p....9.....p#
,,,,,* #.........p......9...#
^,,,,** #........§d^...y.....#
,,,,,,* ##..........p...q...##
,,,,,,** ##...........§.d..##
,,,,,,,* ##.^.........qq.##
****************############***


You could see 4 Killer Klowns, an electric golem, an ancient lich (fast), a
storm dragon (berserk), a black draconian (berserk), a red draconian (berserk),
a purple draconian shifter, a white draconian stormcaller (fleeing), 2 Orb
Guardians and a moth of wrath.

Vanquished Creatures
  Khufu (Crypt:3)
  2 ancient liches
  A dread lich (Vaults:5)
  2 orbs of fire
  Mara (Depths:3)
  Sojobo (Vaults:2)
  Josephina (Depths:3)
  Vv (Depths:3)
  A royal mummy (Crypt:3)
  The ghost of Soteoser the Axe Maniac, a veteran MiBe of Trog (Depths:4)
  A curse toe (Zot:4)
  Margery (Crypt:3)
  11 golden dragons
  Jory (Vaults:4)
  2 pearl dragons (Depths:1)
  4 electric golems
  17 tentacled monstrosities
  An Ice Fiend (IceCv)
  A hellephant (Crypt:3)
  3 walking earthen tomes (Depths:4)
  A walking divine tome (Depths:4)
  3 Orb Guardians (Zot:5)
  4 liches
  5 titans
  9 quicksilver dragons
  2 deep elf master archers (Elf:3)
  A deep elf blademaster (Elf:3)
  6 ancient champions
  6 sphinxes
  6 krakens
  16 death cobs
  A tentacled starspawn (Abyss:2)
  Agnes (D:14)
  9 tengu reavers
  9 shadow dragons
  11 storm dragons
  Roxanne (D:14)
  9 fire giants
  3 revenants
  4 draconian monks
  5 draconian knights
  5 draconian shifters
  18 vault wardens
  3 ghost moths
  7 emperor scorpions
  7 draconian scorchers
  6 orc warlords
  8 deep elf sorcerers
  A shard shrike simulacrum (Abyss:2)
  11 frost giants
  A curse skull (Crypt:3)
  4 deep elf elementalists
  An iron dragon (Depths:4)
  4 draconian stormcallers
  A spriggan defender (Depths:2)
  18 ironbound preservers
  4 draconian annihilators
  A reaper (Crypt:2)
  16 stone giants
  8 ghouls
  29 very ugly things
  2 ophanim (Depths:1)
  4 formless jellyfish
  6 ironbound thunderhulks
  3 broodmothers
  A juggernaut skeleton (Depths:2)
  6 green draconians
  3 vampire knights
  3 deep elf demonologists
  Nessos (D:14)
  2 apis (Depths:1)
  9 dire elephants
  16 yellow draconians
  8 deep elf death magi
  16 purple draconians
  12 red draconians
  6 war gargoyles
  6 black draconians
  A spectral titan (Crypt:3)
  9 deep elf annihilators
  A blizzard demon (Depths:3)
  17 spark wasps
  10 white draconians
  7 eidola
  6 merfolk impalers
  9 merfolk javelineers
  16 ettins
  20 jiangshi
  A spectral quicksilver dragon (Crypt:3)
  The ghost of jejorda2 the Spear-Bearer, a journeyman CoBe of Trog (D:12)
  5 entropy weavers
  9 fire dragons
  5 great orbs of eyes
  A kraken zombie (Crypt:1)
  6 ice dragons
  8 deep elf high priests
  Fannar (Lair:1)
  38 vault guards
  A rakshasa (Depths:2)
  19 yaktaur captains
  A spectral spriggan (Crypt:3)
  A hydra (D:15)
  A caustic shrike simulacrum (IceCv)
  3 ogre magi (Vaults:5)
  A quicksilver dragon skeleton (Depths:2)
  2 bennu zombies
  9 ironbound frosthearts
  5 radroaches
  7 centaur warriors
  2 peacekeepers (Vaults:2)
  An Orb Guardian zombie (Crypt:2)
  4 catoblepae
  A spectral stone giant (Crypt:3)
  3 spriggan air magi
  9 boulder beetles
  5 death knights
  4 jorogumos
  An alligator snapping turtle (Shoals:3)
  Erica (D:11)
  2 merfolk aquamancers (Shoals:4)
  18 two-headed ogres
  13 dancing weapons
  5 merfolk avatars
  18 death yaks
  A spectral draconian (Crypt:3)
  2 two-headed ogres (shapeshifter) (Vaults:5)
  A satyr (Shoals:2)
  15 deep troll shamans
  6 tengu warriors
  12 demonic crawlers
  19 vampire magi
  20 deep troll earth magi
  2 spriggan berserkers
  3 occultists
  2 spectral nagas (Crypt:3)
  A hell hog (Depths:2)
  2 spectral storm dragons (Crypt:3)
  5 orc high priests (Orc:2)
  6 soul eaters
  4 deep elf knights
  A sixfirhy (Abyss:2)
  3 wretched stars (Abyss:2)
  10 skysharks
  11 hell knights
  11 pharaoh ants
  16 iron trolls
  2 death drakes (Depths:2)
  6 shadow wraiths (Crypt:3)
  16 skeletal warriors
  A spatial maelstrom (Abyss:2)
  9 sea snakes
  7 flayed ghosts
  8 orb spiders
  Lodul (D:13)
  A deep troll (shapeshifter) (Depths:3)
  A large abomination (Abyss:2)
  A glowing orange brain (Depths:4)
  A sun moth (Spider:2)
  14 harpies
  81 deep trolls
  3 thermic dynamos (Elf:1)
  9 deep elf archers
  5 arcanists
  An obsidian statue (IceCv)
  A goliath frog zombie (Crypt:3)
  16 ironbound convokers
  6 bog bodies
  14 steelbarb worms
  7 lindwurms
  13 deep elf zephyrmancers
  7 necromancers
  13 orc knights
  An obsidian bat (Orc:2)
  2 spriggan simulacra (IceCv)
  A lightning spire (Zot:3)
  2 steelbarb worms (shapeshifter)
  24 phantasmal warriors
  20 wolf spiders
  50 ugly things
  10 deep elf pyromancers
  8 orc sorcerers
  9 cyclopes
  A frost giant zombie (Depths:1)
  8 fauns (Shoals:2)
  18 manticores
  A sphinx simulacrum (Depths:3)
  Maurice (D:9)
  A spectral centaur (Crypt:3)
  19 moths of wrath
  A will-o-the-wisp (Abyss:2)
  A centaur zombie (Abyss:2)
  5 meliai
  A guardian serpent (Abyss:2)
  7 black mambas
  An iron dragon skeleton (Depths:2)
  5 merfolk sirens
  24 elephants
  A water nymph (shapeshifter) (Vaults:5)
  7 kobold blastminers
  8 water nymphs
  16 vault sentinels
  A rust devil (Abyss:2)
  7 smoke demons
  An ice statue (Shoals:2)
  8 torpor snails
  14 cane toads
  A centaur skeleton (D:15)
  3 rime drakes
  A dire elephant skeleton (Abyss:2)
  2 unseen horrors
  25 yaktaurs
  An alligator snapping turtle skeleton (Crypt:3)
  A sea snake zombie (Crypt:1)
  2 anaconda simulacra
  16 komodo dragons
  29 freezing wraiths
  7 swamp worm zombies (Crypt:1)
  4 guardian mummies (Crypt:3)
  2 spectral harpies (Crypt:3)
  2 ancient zymes (Abyss:2)
  A spark wasp simulacrum (Depths:3)
  4 ice devils (IceCv)
  25 merfolk
  2 tengu simulacra
  2 tengu conjurers
  A moth of wrath zombie (Crypt:2)
  An iron troll skeleton (Crypt:1)
  2 polar bears
  2 trolls
  A shadow dragon simulacrum (Depths:3)
  An alligator simulacrum (IceCv)
  A hellwing (Abyss:2)
  4 wind drakes
  A harpy zombie (Abyss:2)
  A sea snake skeleton (Crypt:3)
  2 hornets
  22 tarantellas
  8 snapping turtles
  7 blink frogs
  A blink frog (shapeshifter) (Depths:2)
  3 iron dragon simulacra
  3 glass eyes
  9 dream sheep
  28 jumping spiders
  A slime creature (shapeshifter) (Depths:2)
  20 slime creatures
  A stone giant simulacrum (Depths:1)
  18 culicivoras
  5 shadows
  2 centaur simulacra
  3 air elementals (Elf:2)
  11 spriggans
  3 ynoxinuls
  9 wraiths
  A dire elephant simulacrum (Crypt:3)
  16 water elementals
  4 wyverns
  A wind drake zombie (Crypt:3)
  57 yaks
  A vampire (D:9)
  4 fire elementals
  2 basilisks
  4 wargs
  5 minotaur simulacra (IceCv)
  2 chaos spawn (Abyss:2)
  36 redbacks
  A deep troll zombie (Crypt:1)
  2 small abominations (Abyss:2)
  10 vampire mosquitoes
  3 hydra simulacra
  An acid dragon (D:9)
  17 water moccasins
  Duvessa (D:6)
  A faun skeleton (Crypt:3)
  53 orc warriors
  An ice beast (D:5)
  6 black bears
  20 ogres
  A sky beast (D:7)
  23 wolves
  4 boggarts (Vaults:1)
  An ettin simulacrum (IceCv)
  11 laughing skulls
  2 centaurs
  A phantom (D:4)
  3 kobold brigands
  A hog skeleton (Crypt:1)
  A draconian zombie (Crypt:1)
  A brain worm (Abyss:2)
  A gnoll sergeant (D:10)
  2 earth elementals
  15 bullfrogs
  A naga simulacrum (Crypt:3)
  7 scorpions
  2 deep troll simulacra (IceCv)
  A water moccasin zombie (Crypt:2)
  A cyclops skeleton (Crypt:2)
  Dowan (D:6)
  A hornet simulacrum (D:15)
  A lindwurm simulacrum (IceCv)
  A raiju zombie (Crypt:2)
  15 killer bees
  3 howler monkeys (D:10)
  A bombardier beetle (D:6)
  A gnoll bouda (D:3)
  34 orc priests
  14 starcursed masses (Abyss:2)
  3 iguanas
  A sleepcap (D:8)
  35 orc wizards
  2 ogre zombies
  An acid dragon skeleton (Crypt:2)
  A boggart simulacrum (D:15)
  2 mummies (Crypt:3)
  8 adders
  10 gnolls
  A white imp (D:6)
  2 dart slugs
  3 ribbon worms
  117 orcs
  6 ball pythons
  7 bats
  15 endoplasms
  2 giant cockroaches
  7 hobgoblins
  15 kobolds
  2 quokkas (D:1)
  A bombardier beetle zombie (Crypt:1)
  A frilled lizard (D:2)
  11 goblins
  A kobold zombie (Crypt:1)
  A quokka zombie (Crypt:3)
  A rat (D:1)
  12 tentacles
2381 creatures vanquished.

Vanquished Creatures (collateral kills)
  Norris (Vaults:4)
  A lich (Vaults:4)
  A yaktaur captain (Vaults:4)
  3 ogre magi (Vaults:4)
  An ironbound frostheart (Vaults:4)
  A deep troll earth mage (Vaults:4)
  A two-headed ogre (Vaults:4)
  An arcanist (Vaults:4)
  A deep troll (Vaults:4)
  An orb spider (Spider:3)
  An ironbound convoker (Vaults:4)
  A necromancer (Vaults:4)
  2 vault sentinels (Vaults:4)
  A tarantella (Spider:3)
17 creatures vanquished.

Vanquished Creatures (others)
  A dread lich (Zot:5)
  An Orb Guardian (Zot:5)
  A fire giant (Depths:3)
  A draconian scorcher (Zot:4)
  A deep elf death mage (Elf:3)
  A war gargoyle (Vaults:5)
  A rakshasa (D:15)
  A centaur warrior (Vaults:2)
  A deep troll (Vaults:5)
  A deep elf pyromancer (Elf:2)
  A faun (Shoals:2)
  A merfolk siren (Shoals:2)
  A torpor snail (Spider:3)
  A tarantella (Lair:3)
  A boggart (Vaults:1)
  An orc wizard (Orc:1)
  2 orcs (Orc:2)
  8 starspawn tentacles (Abyss:2)
  80 tentacles
106 creatures vanquished.

Grand Total: 2504 creatures vanquished

Notes
Turn   | Place    | Note
-------+----------+-------------------------------------------
     0 | D:1      | cojito the Draconian Shapeshifter began the quest for the
                  | Orb.
     0 | D:1      | Reached XP level 1. HP: 16/16 MP: 1/1
    59 | D:1      | Reached XP level 2. HP: 15/23 MP: 2/2
   884 | D:1      | Reached XP level 3. HP: 27/29 MP: 3/3
  1048 | D:2      | Reached skill level 2 in Fighting
  1284 | D:2      | Reached XP level 4. HP: 36/36 MP: 4/4
  1524 | D:2      | Reached skill level 1 in Shields
  1583 | D:3      | Found a faded altar of an unknown god.
  1798 | D:3      | Found Vuagu's Antique Armour Shop.
  1843 | D:3      | Found Umyg's Antique Armour Emporium.
  2027 | D:3      | Reached XP level 5. HP: 39/44 MP: 5/5
  2178 | D:3      | Found Jiownihu's Distillery.
  2252 | D:3      | Bought a potion of might for 44 gold pieces
  2253 | D:3      | Found Xatwe's Book Emporium.
  2275 | D:3      | Reached skill level 3 in Fighting
  2410 | D:3      | You fall into a shaft and drop 3 floors!
  2455 | D:5      | Entered Level 5 of the Dungeon
  2497 | D:4      | Noticed an ogre
  2510 | D:4      | Killed an ogre
  2511 | D:4      | Reached XP level 6. HP: 51/51 MP: 6/6
  2587 | D:4      | Identified the +0 ring mail "Feekuesch" {Regen+ Dex+5}
  3497 | D:4      | Reached skill level 4 in Fighting
  3776 | D:4      | Your scales start taking on a lurid green colour.
  3776 | D:4      | Reached XP level 7. HP: 56/56 MP: 7/7
  3776 | D:4      | Gained mutation: Your system is resistant to poisons.
                  | (rPois) [Green Draconian growth]
  4008 | D:5      | Found a staircase to the Ecumenical Temple.
  4011 | D:5      | Identified the +3 short sword of Bankruptcy {venom, rPois
                  | Will+ Str+4}
  4057 | Temple   | Entered the Ecumenical Temple
  4066 | Temple   | Became a worshipper of Uskayaw the Reveller
  4147 | D:4      | Reached * piety under Uskayaw
  4148 | D:4      | Reached skill level 5 in Shapeshifting
  4154 | D:4      | Reached ** piety under Uskayaw
  4434 | D:5      | Reached skill level 1 in Invocations
  4629 | D:5      | Found Ecattopu's Weapon Emporium.
  4759 | D:5      | Reached skill level 5 in Fighting
  4848 | D:5      | Reached XP level 8. HP: 67/68 MP: 9/9
  5178 | D:6      | Noticed Duvessa
  5219 | D:6      | Noticed Dowan
  5440 | D:6      | Killed Duvessa
  5852 | D:6      | Killed Dowan
  6004 | D:6      | Reached skill level 6 in Fighting
  6255 | D:7      | Reached skill level 5 in Unarmed Combat
  6420 | D:7      | Found a glowing golden altar of the Shining One.
  6538 | D:7      | Found Fuasec's Distillery.
  6541 | D:7      | Found Eronun's Jewellery Shop.
  6552 | D:7      | Bought a potion of haste for 140 gold pieces
  6552 | D:7      | Bought a potion of heal wounds for 70 gold pieces
  6587 | D:7      | Reached XP level 9. HP: 61/78 MP: 12/12
  6644 | D:7      | Found Wicafe's Jewellery Boutique.
  6865 | D:7      | Found an opulent altar of Gozag.
  7375 | D:8      | Noticed a two-headed ogre
  7393 | D:8      | Killed a two-headed ogre
  7394 | D:8      | Reached skill level 7 in Fighting
  7394 | D:8      | Reached skill level 5 in Invocations
  7489 | D:8      | Found Syengusm's Jewellery Boutique.
  7672 | D:8      | Reached *** piety under Uskayaw
  7689 | D:8      | Found Mufuorgh's Antique Weapon Shop.
  7840 | D:9      | Noticed Maurice
  7863 | D:9      | Something stole 5 boomerangs
  7864 | D:9      | Something stole a flux talisman
  7866 | D:9      | Something stole a +0 whip of electrocution
  7867 | D:9      | Killed Maurice
  7868 | D:9      | Reached skill level 5 in Dodging
  7967 | D:9      | Noticed a two-headed ogre
  7975 | D:9      | Killed a two-headed ogre
  7976 | D:9      | Reached XP level 10. HP: 40/88 MP: 14/14
  7999 | D:9      | Noticed a two-headed ogre
  8141 | D:9      | Noticed a two-headed ogre
  8154 | D:9      | Killed a two-headed ogre
  8155 | D:9      | Reached skill level 8 in Fighting
  8209 | D:9      | Killed a two-headed ogre
  8240 | D:9      | Found Soesuet's Jewellery Shoppe.
  8367 | D:9      | Found an ornate altar of the Wu Jian Council.
  8387 | D:9      | Found a shimmering blue altar of Sif Muna.
  8387 | D:9      | Found a blossoming altar of Fedhas.
  8959 | D:10     | Entered Level 10 of the Dungeon
  8976 | D:9      | Reached skill level 5 in Shields
  8987 | D:9      | Reached **** piety under Uskayaw
  9047 | D:10     | Noticed a two-headed ogre
  9209 | D:10     | Reached skill level 9 in Fighting
  9429 | D:10     | Noticed a two-headed ogre
  9445 | D:10     | Reached XP level 11. HP: 69/97 MP: 16/16
  9455 | D:10     | Killed a two-headed ogre
  9661 | D:10     | Identified the +3 sling of Ucemooca {heavy, rC+++ Will+
                  | Int-5}
 10096 | D:10     | Found a staircase to the Lair.
 10208 | D:10     | Killed a two-headed ogre
 10257 | D:10     | Noticed hecktor's ghost (novice FoHu)
 10258 | D:10     | Noticed a lich
 10258 | D:10     | Noticed a skeletal warrior
 10258 | D:10     | Noticed a deep elf archer
 10259 | D:10     | Noticed a deep troll
 10260 | D:10     | Noticed a necromancer
 10311 | D:10     | Found a staircase to the Orcish Mines.
 10358 | D:10     | Found a runed translucent door.
 10360 | D:10     | Found a runed translucent door.
 10440 | D:10     | Reached skill level 10 in Fighting
 10632 | D:10     | Found a bloodstained altar of Trog.
 10728 | D:10     | Noticed a deep troll
 10728 | D:10     | Noticed a deep troll
 10752 | D:10     | Killed a deep troll
 10846 | D:10     | Killed a deep troll
 10849 | D:10     | Found the amulet of Vitality {Regen++ RegenMP++}
 11276 | Lair:1   | Entered Level 1 of the Lair of Beasts
 11573 | Lair:2   | Found a staircase to the Shoals.
 11697 | Lair:2   | Reached XP level 12. HP: 102/108 MP: 19/19
 11766 | Lair:2   | Reached ***** piety under Uskayaw
 11939 | Lair:2   | Reached skill level 11 in Fighting
 11946 | Lair:2   | Reached skill level 10 in Invocations
 12436 | Lair:3   | Found a hole to the Spider Nest.
 12577 | Lair:3   | Reached skill level 10 in Shapeshifting
 12592 | Lair:3   | Reached ****** piety under Uskayaw
 12855 | Lair:3   | Found a transporter.
 12991 | Lair:3   | Noticed a boulder beetle
 12992 | Lair:3   | Found a transporter.
 12992 | Lair:3   | Noticed a boulder beetle
 13211 | Lair:3   | Killed a boulder beetle
 13219 | Lair:3   | Killed a boulder beetle
 13296 | Lair:4   | Noticed a death yak
 13296 | Lair:4   | Noticed a death yak
 13296 | Lair:4   | Noticed a death yak
 13300 | Lair:4   | Noticed a death yak
 13481 | Lair:4   | Reached skill level 12 in Fighting
 13541 | Lair:4   | Noticed a death yak
 13746 | Lair:4   | Noticed a death yak
 13749 | Lair:4   | Killed a death yak
 13750 | Lair:4   | Reached XP level 13. HP: 110/118 MP: 21/21
 14272 | Lair:5   | Entered Level 5 of the Lair of Beasts
 14565 | Lair:5   | Reached skill level 13 in Fighting
 14961 | Lair:5   | Gained mutation: Your tail ends in a venomous barb. [Green
                  | Draconian growth]
 14961 | Lair:5   | Reached XP level 14. HP: 129/129 MP: 23/23
 15557 | Lair:5   | Reached skill level 14 in Fighting
 15777 | Lair:5   | Found a runed translucent door.
 15777 | Lair:5   | Found a viscous altar of Jiyva.
 15777 | Lair:5   | Found a staircase to the Slime Pits.
 15777 | Lair:5   | Noticed an acid blob
 16000 | Orc:1    | Entered Level 1 of the Orcish Mines
 16355 | D:7      | Bought a ring of willpower for 275 gold pieces
 16724 | Orc:2    | Entered Level 2 of the Orcish Mines
 17113 | Orc:2    | Noticed an orc warlord
 17124 | Orc:2    | Killed an orc warlord
 17278 | Orc:2    | Found a staircase to the Elven Halls.
 17591 | Orc:2    | Found a roughly hewn altar of Beogh.
 17702 | Orc:2    | Found Faaqait's Book Boutique.
 17702 | Orc:2    | Noticed an orc warlord
 17748 | Orc:2    | Killed an orc warlord
 17749 | Orc:2    | Reached skill level 10 in Unarmed Combat
 17823 | Orc:2    | Found Vuogreir's Antique Armour Shop.
 17861 | Orc:2    | Bought a pair of bloodstained gloves for 228 gold pieces
 17861 | Orc:2    | Identified the +1 pair of gloves of Kindness {rElec rF+ rC-
                  | Dex+3} (You bought it in a shop on level 2 of the Orcish
                  | Mines)
 18183 | Orc:2    | Found Moiniegg's Assorted Antiques.
 18289 | Orc:2    | Reached XP level 15. HP: 119/139 MP: 18/25
 18307 | Orc:2    | Found a roughly hewn altar of Beogh.
 18352 | Orc:2    | Found Zuleucas's Assorted Antiques.
 18374 | Orc:2    | Bought a scroll of blinking for 232 gold pieces
 19096 | D:11     | Noticed Erica
 19113 | D:11     | Killed Erica
 19592 | D:12     | Found a runed translucent door.
 19614 | D:12     | Noticed jejorda2's ghost (journeyman CoBe)
 19697 | D:12     | Reached skill level 15 in Fighting
 20260 | D:13     | Found a transporter.
 20260 | D:13     | Noticed Diulaw's ghost (journeyman TeSu)
 20261 | D:13     | Noticed Lodul
 20289 | D:13     | Killed Lodul
 20328 | D:13     | Found a transporter.
 20575 | D:13     | Found a gate to the Vaults.
 20829 | D:14     | Noticed Roxanne
 21121 | D:14     | Found a hide-covered altar of Uskayaw.
 21238 | D:14     | Noticed Nessos
 21260 | D:14     | Killed Nessos
 21646 | D:14     | Noticed Agnes
 21652 | D:14     | Killed Agnes
 21876 | D:15     | Entered Level 15 of the Dungeon
 21941 | Abyss:2  | Cast into level 2 of the Abyss (an occultist)
 22170 | Abyss:2  | Paralysed by accursed screaming for 1 turns
 22176 | Abyss:2  | Reached skill level 15 in Invocations
 22192 | Abyss:2  | Reached skill level 10 in Dodging
 22214 | Abyss:2  | Noticed a tentacled starspawn
 22292 | Abyss:2  | Found a corrupted altar of Lugonu.
 22297 | Abyss:2  | Found a corrupted altar of Lugonu.
 22297 | Abyss:2  | Found a corrupted altar of Lugonu.
 22341 | Abyss:2  | Noticed a lich
 22343 | Abyss:2  | Killed a lich
 22344 | Abyss:2  | Noticed a lich
 22452 | Abyss:2  | Noticed a dread lich
 22474 | Abyss:2  | Noticed a revenant
 22492 | Abyss:2  | Killed a revenant
 22495 | D:15     | Escaped the Abyss
 22733 | D:3      | Bought the +1 cloak of Starlight {*Dazzle EV+4 Stlth--} for
                  | 610 gold pieces
 22733 | D:3      | Found the +1 cloak of Starlight {*Dazzle EV+4 Stlth--}
 22956 | Spider:1 | Entered Level 1 of the Spider Nest
 23240 | Spider:1 | HP: 6/141 [redback (12)]
 23352 | Shoals:1 | Entered Level 1 of the Shoals
 23566 | Lair:1   | Reached XP level 16. HP: 150/150 MP: 24/27
 23892 | Lair:1   | Noticed Fannar
 23905 | Lair:1   | Killed Fannar
 24525 | D:12     | Killed jejorda2's ghost
 24724 | D:14     | Killed Roxanne
 25012 | Spider:1 | Reached skill level 16 in Fighting
 25143 | Spider:1 | Gained mutation: You are dopey. (Int -2) [mutagenic glow]
 26397 | Spider:4 | Entered Level 4 of the Spider Nest
 26581 | Spider:3 | Reached XP level 17. HP: 85/159 MP: 29/29
 26612 | Spider:4 | Identified the +3 quarterstaff "Botosa" {freeze, rF+ Int+6}
 27229 | Spider:4 | Got a gossamer rune of Zot
 27267 | Spider:4 | Identified the +0 hat of Hairiness {rC+ Str+3 Stlth+}
 27796 | Shoals:1 | Found Foxzalo's Firing Range.
 28258 | Shoals:2 | Found a glacial archway.
 28271 | IceCv    | Entered an ice cave
 28476 | IceCv    | Noticed an Ice Fiend
 28487 | IceCv    | Killed an Ice Fiend
 28498 | IceCv    | Got the Lessons on Unstable Bombardment
 28686 | Shoals:2 | Reached skill level 17 in Fighting
 28715 | Shoals:2 | Reached XP level 18. HP: 169/169 MP: 31/31
 29130 | Shoals:2 | Found Oqualuss's Book Shoppe.
 29874 | Shoals:3 | Reached skill level 10 in Shields
 30018 | Shoals:3 | Identified the +2 ring mail of Light {rF++ Regen+}
 30149 | Shoals:4 | Entered Level 4 of the Shoals
 30625 | Shoals:4 | Got the Anthology of the Voyage and Freezing
 30657 | Shoals:4 | Reached skill level 15 in Shapeshifting
 31119 | Shoals:4 | Got a barnacled rune of Zot
 31326 | D:7      | Bought a potion of haste for 140 gold pieces
 31326 | D:7      | Bought a potion of heal wounds for 70 gold pieces
 31326 | D:7      | Bought a potion of curing for 42 gold pieces
 31326 | D:7      | Bought a potion of enlightenment for 70 gold pieces
 31326 | D:7      | Bought a potion of cancellation for 112 gold pieces
 31485 | Vaults:1 | Entered Level 1 of the Vaults
 31920 | Vaults:1 | Found Kextim's Antique Armour Boutique.
 32414 | Vaults:1 | Reached XP level 19. HP: 177/177 MP: 32/32
 32879 | Vaults:2 | Noticed Sojobo
 32889 | Vaults:2 | Killed Sojobo
 33056 | Vaults:2 | Identified the +2 rapier of Koosezyo {freeze, rPois}
 33088 | Vaults:2 | Identified the +7 chain mail of the Shrieking God {Str+2}
 33174 | Vaults:2 | Reached skill level 18 in Fighting
 33180 | Vaults:2 | HP: 9/218 [deep troll[an ironbound preserver] (10)]
 33946 | Vaults:2 | Found a staircase to the Crypt.
 34778 | Vaults:3 | Reached XP level 20. HP: 189/189 MP: 32/34
 35540 | Vaults:4 | Noticed Jory
 35552 | Vaults:4 | Killed Jory
 35589 | Vaults:4 | Noticed Norris
 35727 | Vaults:4 | Killed Norris
 35731 | Vaults:4 | Reached skill level 19 in Fighting
 36015 | Vaults:4 | Identified the amulet "Yzao" {RegenMP+ MP+9 Dex+2}
 36220 | Vaults:4 | Got the Cyclopedia of the Dragonfly
 36972 | Elf:1    | Entered Level 1 of the Elven Halls
 37157 | Elf:1    | Found Ziac's Armour Emporium.
 37231 | Elf:1    | Found Ecoff's Jewellery Boutique.
 37352 | Elf:1    | Found a runed translucent door.
 37536 | Elf:1    | Noticed Zenata
 37536 | Elf:1    | You fall into a shaft and drop 1 floor!
 37579 | Elf:3    | Entered Level 3 of the Elven Halls
 37710 | Elf:2    | Identified the +1 pair of gloves of Benevolence {-Cast
                  | rPois Dex+4}
 37831 | Elf:2    | Reached XP level 21. HP: 199/199 MP: 35/35
 37893 | Elf:2    | Found a runed translucent gate.
 37896 | Elf:2    | Found a runed translucent gate.
 37897 | Elf:2    | Found a runed translucent gate.
 37920 | Elf:2    | Found Joliotah's Weapon Shop.
 37923 | Elf:2    | Found Sill's Weapon Boutique.
 37925 | Elf:2    | Found Nugegab's Assorted Antiques.
 37933 | Elf:2    | Bought 2 scrolls labelled YTEROLLI INIH for 58 gold pieces
 37933 | Elf:2    | Bought a scroll of teleportation for 87 gold pieces
 37933 | Elf:2    | Bought a potion of haste for 290 gold pieces
 38449 | Elf:3    | Found a runed translucent door.
 38450 | Elf:3    | Found a shimmering altar of Xom.
 38450 | Elf:3    | Noticed Obbaitis's ghost (journeyman MiBe)
 38879 | Abyss:2  | Cast into level 2 of the Abyss (a deep elf demonologist)
 38883 | Abyss:2  | Found a corrupted altar of Lugonu.
 39051 | Abyss:2  | Paralysed by something for 5 turns
 39059 | Abyss:2  | Paralysed by something for 4 turns
 39137 | Abyss:2  | Noticed an ancient lich
 39155 | Abyss:2  | Killed an ancient lich
 39158 | Elf:3    | Escaped the Abyss
 39330 | Elf:3    | Identified the ring of Plog {^Drain rPois rF+ Int+5}
 39396 | Elf:3    | Reached skill level 20 in Fighting
 39439 | Elf:3    | Identified the +3 trident of the Brain {flame, ^Drain Will-
                  | Str+3 Int+9}
 39442 | Elf:3    | Identified the +1 plate armour "Ecosoi" {Str+2 Slay+3}
 39566 | Elf:3    | Got the Octavo of the Equator
 39581 | Elf:3    | Got Semnenkioj's Atlas of Bewitched Injury
 39762 | Elf:3    | Got the Vellum of Morbid Graupel
 39765 | Elf:3    | Got the Incunable of Turbulence and Convocation
 40686 | D:15     | Found a staircase to the Depths.
 41157 | Depths:1 | Entered Level 1 of the Depths
 41390 | Depths:1 | Reached skill level 15 in Shields
 41878 | Depths:1 | Found a glowing silver altar of Zin.
 41878 | Depths:1 | Found a white marble altar of Elyvilon.
 41878 | Depths:1 | Found a glowing golden altar of the Shining One.
 42053 | Depths:1 | Found a gateway to Hell.
 42184 | Depths:2 | Reached skill level 15 in Unarmed Combat
 42203 | Depths:2 | Reached XP level 22. HP: 211/211 MP: 36/36
 42396 | Depths:2 | Found a shimmering altar of Xom.
 42483 | Depths:2 | Reached skill level 21 in Fighting
 42731 | Depths:2 | Found a one-way gate leading to the halls of Pandemonium.
 43481 | Depths:2 | Identified the +10 battleaxe of the Sage {heavy, rC+}
 43916 | Depths:3 | Found a one-way gate to the infinite horrors of the Abyss.
 43919 | Depths:3 | Noticed Mara
 43920 | Depths:3 | Noticed Vv
 43922 | Depths:3 | Identified the ring "Ogypreci" {Ice Int+6}
 43922 | Depths:3 | Identified the death talisman of the Final Beggars {Fly
                  | Will+ Str+3}
 43922 | Depths:3 | Noticed Josephina
 43922 | Depths:3 | Noticed cojito's illusion
 44085 | Depths:3 | Noticed cojito's illusion
 44095 | Depths:3 | Noticed cojito's illusion
 44111 | Depths:3 | Killed Mara
 44670 | Depths:3 | Reached XP level 23. HP: 217/217 MP: 38/38
 44734 | Depths:3 | Identified the +3 buckler of Qazlal's Pride {rC+ Int+5}
 44873 | Depths:3 | Killed Josephina
 44874 | Depths:3 | Reached skill level 15 in Dodging
 45035 | Depths:3 | Killed Vv
 45369 | Depths:4 | Entered Level 4 of the Depths
 45404 | Depths:4 | Reached skill level 22 in Fighting
 45483 | Depths:4 | Noticed Soteoser's ghost (veteran MiBe)
 45606 | Depths:4 | Found a one-way gateway to a ziggurat.
 45765 | Depths:4 | Found a gate to the Realm of Zot.
 45922 | Depths:4 | Found a runed translucent gate.
 45922 | Depths:4 | Found a runed translucent gate.
 45926 | Depths:4 | Found a runed translucent gate.
 46385 | Depths:4 | Killed Soteoser's ghost
 46422 | Depths:4 | Got the Encyclopedia of the Plutonic Commander
 46429 | Depths:4 | Got the Parchment of the Ageless Ultimatums
 46731 | Crypt:1  | Entered Level 1 of the Crypt
 46848 | Crypt:1  | Identified the +8 war axe "Meneo" {holy, rElec Will- Str+4
                  | Stlth+}
 47507 | Crypt:2  | Reached skill level 23 in Fighting
 47742 | Crypt:2  | Reached XP level 24. HP: 235/235 MP: 38/38
 48119 | Crypt:3  | Entered Level 3 of the Crypt
 48256 | Crypt:3  | Noticed Margery
 48263 | Crypt:3  | Killed Margery
 48705 | Crypt:3  | Identified the ring "Etaet" {Wiz rN++ Int+3}
 48705 | Crypt:3  | Noticed Khufu
 48709 | Crypt:3  | Identified the amulet of the Ban {Acrobat +Inv Regen+}
 48709 | Crypt:3  | Noticed a royal mummy
 48716 | Crypt:3  | Reached skill level 24 in Fighting
 48719 | Crypt:3  | Killed Khufu
 48722 | Crypt:3  | Killed a royal mummy
 48882 | Crypt:3  | Identified a scroll of acquirement
 49108 | Crypt:3  | Got the Catalogue of the Catacomb
 49379 | Crypt:3  | Found a staircase to the Tomb.
 49564 | Crypt:3  | Acquired 377 gold pieces
 49573 | Crypt:3  | Identified the +5 orcbow "Feynar" {flame, rC+ Will++}
 49576 | Crypt:3  | Identified the +6 whip "Alliugeps" {spect, Int+4}
 49837 | Vaults:5 | Entered Level 5 of the Vaults
 49908 | Vaults:5 | Reached skill level 25 in Fighting
 49922 | Vaults:5 | Reached XP level 25. HP: 157/241 MP: 25/39
 50044 | Vaults:5 | Noticed a dread lich
 50046 | Vaults:5 | Killed a dread lich
 50287 | Vaults:5 | Identified the -2 pair of gloves of the Forest {rPois rC+
                  | rN+ MP-9 Str+2}
 50349 | Vaults:5 | Got a silver rune of Zot
 50382 | Vaults:5 | Identified the staff of Valiance {*Corrode rElec Str+9 Air}
 50384 | Vaults:5 | Noticed an ancient lich
 50393 | Vaults:5 | Killed an ancient lich
 50478 | Vaults:5 | Identified the +1 robe of Jiuffedgh {+Inv rC- rN+ SInv}
 50556 | Vaults:5 | Reached skill level 26 in Fighting
 50738 | Vaults:5 | Identified the +0 scale mail of Restlessness {Will+}
 50992 | Vaults:5 | Got the Compilation of Shifting
 51111 | Vaults:5 | Found Uneiwaf's Magic Scroll Shoppe.
 51113 | Vaults:5 | Found Idegisu's Jewellery Boutique.
 51125 | Vaults:5 | Bought a scroll of poison for 72 gold pieces
 51125 | Vaults:5 | Bought a scroll of teleportation for 54 gold pieces
 51125 | Vaults:5 | Bought a scroll of revelation for 135 gold pieces
 51125 | Vaults:5 | Bought a scroll of revelation for 135 gold pieces
 51125 | Vaults:5 | Bought a scroll of teleportation for 54 gold pieces
 51125 | Vaults:5 | Bought a scroll of immolation for 72 gold pieces
 51685 | Zot:1    | Entered Level 1 of the Realm of Zot
 52664 | Zot:2    | Noticed an orb of fire
 52666 | Zot:2    | Gained mutation: You occasionally shout uncontrollably at
                  | your foes. [an orb of fire]
 52668 | Zot:2    | Killed an orb of fire
 53138 | Zot:3    | Reached XP level 26. HP: 264/264 MP: 39/39
 53349 | Zot:3    | Reached skill level 27 in Fighting
 53522 | Zot:3    | You are sucked into a shaft and drop 1 floor!
 54352 | Zot:4    | Got the Anthology of the Chill and Fumes
 54593 | Zot:5    | Entered Level 5 of the Realm of Zot
 54661 | Zot:5    | Noticed a dread lich
 54670 | Zot:5    | Noticed a dread lich
 54673 | Zot:5    | Noticed an orb of fire
 54681 | Zot:5    | Paralysed by something for 4 turns
 54687 | Zot:5    | Killed a dread lich
 54687 | Zot:5    | Noticed an ancient lich
 54688 | Zot:5    | Killed an orb of fire
 54696 | Zot:5    | HP: 11/345 [Killer Klown/+10 club of flaming (8)]
 54696 | Zot:5    | Slain by an ancient lich

Illustrated notes

Levels and vault maps discovered:
D:1:      roderic_chinese_lattice_arrival, layout_basic
D:2:      layout_basic
D:3:      layout_basic, serial_shops, nicolae_shop_back_alley_shop,
          nicolae_shop_real_fake_doors, shop, shop,
          shapermc_ecumenical_altar_flowoftime
D:4:      layout_loops_ring, serial_bayou_pond_c, chequers_serial_rivers_micro_c
D:5:      layout_gridville, minmay_temple_entry_large_hall,
          nicolae_ossuary_entry_false_entrances, serial_shops,
          nicolae_shop_bloodbath_and_beyond
D:6:      layout_rooms, abandoned_shop, uniq_duvessa
D:7:      layout_gridville, kennysheep_mini_moat, tso_metal_star, serial_shops,
          shop, nicolae_shop_tiny_real_fake_doors,
          nicolae_shop_industrial_runoff, minmay_misc_feat_square
D:8:      layout_rooms, serial_shops, shop, shop
D:9:      layout_stronghold, grunt_temple_overflow_open, serial_shops, shop,
          uniq_maurice
D:10:     minmay_bubble_buster, layout_irregular_city, marbit_many_paths,
          david_lair_shrubbed, orc_0_dummy, muffindrake_ghost_dual_entry,
          hellmonk_guarded_unrand_vitality_bloodlust
D:11:     layout_cave_pods, uniq_erica
D:12:     layout_basic, hellmonk_ghost_big_iron
D:13:     layout_irregular_city, david_vaults_4, gammafunk_ghost_arena,
          uniq_lodul
D:14:     layout_grid_maze, minivault_24, kennysheep_path_1,
          amcnicky_mini_corridor_feature,
          nicolae_uskayaw_murder_on_the_dancefloor, uniq_roxanne, uniq_agnes,
          uniq_nessos
D:15:     grunt_enter_depths_magical_seal, layout_stronghold,
          corexii_hall_statues_x
Temple:   eino_temple_scatter_basement
Lair:1:   kb_forest_paths, layout_loops_ring, uniq_fannar
Lair:2:   layout_long_grid, shoals_dummy_entry, beast_lair_carwin_8,
          lemuel_fruit_tree
Lair:3:   gammafunk_boulding_lane, layout_big_grid, spider_nest_entry_a,
          grunt_megastairs_5
Lair:4:   layout_small_grid, forest_entry_grove
Lair:5:   evilmike_catoblepas_cave, layout_concentric_octagons, slime_entry_2,
          grunt_megastairs_4
Shoals:1: layout_shoals, nicolae_shop_firing_range
Shoals:2: layout_shoals, portal_ice_cave_entry_ice_statue_one, serial_shops,
          shop, nicolae_shoals_kraken_party
Shoals:3: layout_shoals, nicolae_shoals_siren_and_animal_friends
Shoals:4: shoals_end_hangedman, layout_shoals
Spider:1: layout_spider_delve
Spider:2: layout_spider_delve
Spider:3: layout_spider_delve
Spider:4: hellmonk_spider_rune_bug_friends, hellmonk_test_site
Orc:1:    layout_diamond_mine
Orc:2:    pubby_orc_utopia
Elf:1:    layout_geoelf_diagonals, serial_shops, shop, shop,
          kennysheep_underground_church, nicolae_custom_books,
          lemuel_statue_altar, minivault_13, uniq_zenata
Elf:2:    elven_hall_of_blades_hangedman_original
          [nicolae_blade_entry_antechamber], layout_loops_corners,
          minmay_shop_star
Elf:3:    minmay_elf_hall_spiked, layout_geoelf_grid, ebering_ghost_xom,
          serial_library_regret_index_branch_corner, minmay_misc_feat_columns
Vaults:1: vaults_dpeg_diagonal, nicolae_vaults_diamond_1,
          hangedman_vaults_cutoff, nicolae_vaults_storage_closets_2,
          ontoclasm_vaults_chip, v_alt_pattern_5, nicolae_vaults_alarming,
          layout_vaults_omnigrid, serial_shops, shop_statue
Vaults:2: vaults_room_door_hall, nicolae_vaults_shipping_containers_2,
          minmay_crypt_entry_simple_round, grunt_vaults_hallway_long,
          vaults_standard_mumra_enter_the_diamond, nicolae_vaults_prndl,
          nicolae_vaults_stairing_the_circle, v_misc_3,
          nicolae_vaults_bisected_exclaves, nicolae_vaults_tetromino_Z_2,
          grunt_vaults_hallway_long, ontoclasm_vaults_bender,
          ontoclasm_vaults_twist, v_misc_26, layout_vaults_maze_bifur,
          uniq_sojobo
Vaults:3: vaults_room_fours, nicolae_vaults_heart-shaped_vault,
          nicolae_vaults_angled_halls, ontoclasm_vaults_misaligned,
          nicolae_vaults_closet_pinwheel_5, grunt_vaults_bifocal, v_misc_26,
          ontoclasm_vaults_chip, v_misc_9, nicolae_vaults_shipping_containers_3,
          nicolae_vaults_double_plus_1, nicolae_vaults_apartment_2,
          layout_vaults_ring
Vaults:4: nicolae_vaults_gold_heap, nicolae_vaults_bisected_slash,
          nicolae_vaults_rhombus_6, grunt_vaults_hallway_long,
          hangedman_vaults_nodes, hangedman_vaults_nails,
          nicolae_vaults_network_star, v_pattern_2,
          ontoclasm_vaults_ring_square, nicolae_vaults_angled_halls,
          nicolae_vaults_library_corner, ontoclasm_vaults_fault,
          vaults_room_corners, nicolae_vaults_trapezoid_lopsided_4,
          vaults_dpeg_ring, layout_vaults_big_room, uniq_jory, uniq_norris
Vaults:5
Crypt:1:  layout_chaotic_city, lemuel_dead_fish_pool, grunt_megastairs_2
Crypt:2:  layout_chaotic_city
Crypt:3:  due_elkab, layout_chaotic_city, tomb_entry_simple_bobbens, uniq_khufu,
          uniq_margery
Depths:1: layout_honeycomb, serial_bayou_pond_c, grunt_hell_entry_dis_old,
          hallowed_hall, firewood_loft
Depths:2: lemuel_castle_with_subvaults [lemuel_castle_interior_original],
          layout_basic, hellmouth_2, xom_teletrap_fun, pan_entry,
          hangedman_abyss_or_decor_jellyfish_corner, minmay_misc_feat_roman,
          minmay_starry_boxes, infiniplex_staircase_pillars_1
Depths:3: kennysheep_four_of_diamonds, layout_basic, serial_sigils,
          serial_sigils_hangedman_carve, serial_sigils_hangedman_gut,
          serial_sigils_hangedman_scar, serial_sigils_hangedman_etch,
          serial_sigils_hangedman_leer, hangedman_coc_ice_floe,
          regret_index_abyss_entry_already_here, uniq_vv, uniq_josephina,
          uniq_mara
Depths:4: grunt_zot_entry_alcove, layout_honeycomb, enter_ziggurat_c,
          hell_entry, hellmonk_ghost_time_enough, chequers_serial_rivers_small_3
Zot:1:    layout_basic
Zot:2:    layout_misc_corridors, regret_index_zotdec_twisting_globes
Zot:3:    layout_gridville, amethyst_zot_foddershock
Zot:4:    kennysheep_spiral_hall, layout_onion_interference,
          regret_index_zotdec_carving_tricks, regret_index_zotdec_magical_s
Zot:5:    layout_concentric_octagons, hangedman_zot_gyre, st_stairs_7

Skill      XL: |  1  2  3  4  5  6  7  8  9 10 11 12 13 14 15 16 17 18 19 20 21 22 23 24 25 26 |
---------------+-------------------------------------------------------------------------------+-----
Dodging        | 2 3 4 5 6 7 8 9 10 11 12 13 14 16 18 19 20 | 20.5
Fighting       | 2 3 4 5 6 7 9 10 12 13 14 15 16 17 18 19 20 21 23 25 26 27 | 27.0
Shields        | 1 2 3 4 5 7 9 11 12 14 15 16 18 | 18.1
Shapeshifting  | 4 5 6 7 8 9 10 11 12 13 14 15 16 17 18 19 20 | 20.6
Unarmed Combat | 4 5 6 7 8 9 10 11 12 13 14 15 16 17 18 | 18.4
Invocations    | 2 4 6 7 9 11 12 13 15 16 18 19 20 21 22 23 24 25 26 | 26.4

Action                     |  1- 3 |  4- 6 |  7- 9 | 10-12 | 13-15 | 16-18 | 19-21 | 22-24 | 25-27 || total
---------------------------+-------+-------+-------+-------+-------+-------+-------+-------+-------++-------
  Melee: Unarmed           |   110 |   221 |   271 |   584 |  1464 |  1388 |  1291 |  1389 |   755 ||  7473
         Tailslap          |    11 |    20 |    48 |   135 |   374 |   271 |   266 |   291 |   178 ||  1594
         Punch             |     2 |       |       |       |       |       |       |       |       ||     2
   Fire: Sling             |       |       |       |    20 |       |       |       |       |       ||    20
  Throw: Boomerang         |       |       |     9 |       |       |       |       |       |       ||     9
 Invoke: Line Pass         |       |       |     4 |     4 |     2 |       |     2 |       |       ||    12
         Stomp             |       |       |    14 |    57 |   155 |   115 |    21 |    36 |    15 ||   413
         Grand Finale      |       |       |       |     1 |     1 |     2 |     4 |     2 |     3 ||    13
Ability: Noxious Breath    |       |       |     7 |     7 |     9 |       |       |       |       ||    23
  Evoke: Wand              |       |       |    15 |    10 |       |    15 |     2 |     8 |     4 ||    54
         Box of beasts     |       |       |       |     2 |     2 |     1 |       |       |       ||     5
         Lightning rod     |       |       |       |       |     4 |     6 |       |       |       ||    10
         Phantom mirror    |       |       |       |       |       |       |     1 |       |     1 ||     2
    Use: Scroll            |     1 |     5 |     6 |     6 |    14 |    18 |    17 |     9 |    21 ||    97
         Potion            |       |     5 |     1 |     5 |     5 |     7 |    14 |     5 |    14 ||    56
   Stab: Sleeping          |     2 |     3 |     2 |     2 |       |       |       |       |       ||     9
         Confused          |       |       |     2 |     4 |     8 |       |       |       |       ||    14
         Paralysed         |       |       |       |    29 |    73 |    89 |   131 |   155 |    73 ||   550
         Distracted        |       |       |       |     1 |     1 |       |     1 |       |       ||     3
         Petrified         |       |       |       |       |     4 |       |       |       |       ||     4
         Petrifying        |       |       |       |       |     1 |       |       |       |       ||     1
         Invisible         |       |       |       |       |       |    52 |    14 |     6 |     5 ||    77
 Armour: Skin              |    59 |   129 |   170 |   368 |   965 |  1510 |   949 |  1076 |   729 ||  5955
  Dodge: Dodged            |    50 |    90 |   164 |   465 |  1453 |  2431 |   920 |  1048 |   768 ||  7389
  Block: Buckler           |     8 |    19 |    13 |       |       |       |       |       |       ||    40
         Kite shield       |       |       |    63 |   140 |    10 |   759 |       |       |       ||   972
         Tower shield      |       |       |       |       |       |  1183 |  1889 |  2197 |  1370 ||  6639
   Form: Flux              |       |       |       |     1 |       |       |       |       |       ||     1
         Statue            |       |       |       |       |       |     2 |       |     1 |       ||     3
         Blade             |       |       |       |       |       |     1 |       |       |       ||     1
         Death             |       |       |       |       |       |       |       |     1 |       ||     1

Table legend: (Time is in decaauts)
 A = Elapsed time spent in this place.
 B = Non-inter-level travel time spent in this place.
 C = Inter-level travel time spent in this place.
 D = Time resting spent in this place.
 E = Time spent auto-exploring this place.
 F = Levels seen in this place.
 G = Mean time per level.
                   A        B        C        D        E       F      G
               +--------+--------+--------+--------+--------+-----+--------+
         Total |  69044 |  62015 |   7029 |   6087 |  35929 |  54 | 1278.6 |
       Dungeon |  18008 |  15153 |   2855 |   2687 |   8698 |  15 | 1200.5 |
        Temple |     18 |      2 |     16 |      0 |      0 |   1 |   18.0 |
          Lair |   5918 |   5183 |    735 |    528 |   2966 |   5 | 1183.6 |
        Shoals |   5356 |   5051 |    305 |    345 |   2822 |   4 | 1339.0 |
   Spider Nest |   4190 |   3992 |    198 |    225 |   2169 |   4 | 1047.5 |
  Orcish Mines |   2596 |   2258 |    338 |    194 |   1113 |   2 | 1298.0 |
   Elven Halls |   4089 |   3890 |    199 |    222 |   2344 |   3 | 1363.0 |
        Vaults |  10632 |   9430 |   1202 |    452 |   6198 |   5 | 2126.4 |
         Crypt |   4267 |   3999 |    268 |     45 |   2559 |   3 | 1422.3 |
        Depths |   8296 |   7579 |    717 |    898 |   4318 |   4 | 2074.0 |
           Zot |   4196 |   4003 |    193 |    235 |   2544 |   5 |  839.2 |
         Abyss |    946 |    946 |      0 |    231 |      0 |   2 |  473.0 |
      Ice Cave |    527 |    527 |      0 |     22 |    193 |   1 |  527.0 |
               +--------+--------+--------+--------+--------+-----+--------+

Top non-repeatable levels by time:
Depths:2: 2559 daAuts
    D:10: 2519 daAuts
Vaults:1: 2508 daAuts
Vaults:2: 2471 daAuts
 Crypt:3: 2253 daAuts
   Elf:3: 2148 daAuts
Depths:3: 2130 daAuts
Vaults:4: 2073 daAuts
Vaults:5: 2072 daAuts
   Orc:2: 2014 daAuts
Depths:4: 1844 daAuts
Depths:1: 1761 daAuts
Shoals:2: 1681 daAuts
    D:15: 1626 daAuts
Shoals:4: 1540 daAuts
